 Dungeon Crawl Stone Soup version 0.21-a0-84-g85d6d27 (webtiles) character file.

6246 polean the Destroyer (level 11, -8/72 HPs)
             Began as a Human Hunter on July 6, 2017.
             Was a Priest of Fedhas.
             Mangled by a troll (13 damage)
             ... on level 10 of the Dungeon.
             The game lasted 01:20:15 (12399 turns).

polean the Destroyer (Human Hunter)                Turns: 12399, Time: 01:20:17

Health: -8/72      AC: 10    Str: 17    XL:     11   Next: 15%
Magic:  24/32      EV: 12    Int: 15    God:    Fedhas [***...]
Gold:   297        SH:  0    Dex: 15    Spells: 15/26 levels left

rFire    . . .     SeeInvis .   k - +8 long sword "Koteer" {flame, *Drain rPois rF+ Int+2}
rCold    + . .     Gourm    .   (no shield)
rNeg     . . .     Faith    .   o - +3 leather armour
rPois    +         Spirit   .   (no helmet)
rElec    .         Reflect  .   e - +1 cloak
rCorr    .         Harm     +   (no gloves)
MR       .....                  l - +1 pair of boots
Stlth    ++........             h - amulet of harm
HPRegen  0.22/turn              j - ring of ice
MPRegen  0.23/turn              B - ring of magical power

@: no status effects
A: clever 1, mutation resistance 1, strong 1
a: Fungal Bloom, Evolution, Sunlight, Growth, Renounce Religion


You were on level 10 of the Dungeon.
You worshipped Fedhas.
Fedhas was most pleased with you.
You were not hungry.

You visited 1 branch of the dungeon, and saw 10 of its levels.
You also visited: Ossuary.

You collected 747 gold pieces.
You spent 450 gold pieces at shops.

Inventory:

Hand Weapons
 a - a +4 hunting sling
 b - a +0 short sword
 k - the +8 long sword "Koteer" (weapon) {flame, *Drain rPois rF+ Int+2}
   (You found it on level 4 of the Dungeon)

   It has been specially enchanted to burn those struck by it, causing extra
   injury to most foes and up to half again as much damage against particularly
   susceptible opponents.
   Big, fiery blades are also staple armaments of hydra-hunters.
   It affects your intelligence (+2).
   It protects you from fire.
   It protects you from poison.
   It causes draining when unequipped.
Missiles
 i - 316 stones (quivered)
 m - 56 sling bullets
Armour
 e - a +1 cloak (worn)
 l - a +1 pair of boots (worn)
 o - a +3 leather armour (worn)
Jewellery
 h - an amulet of harm (around neck)
 j - a ring of ice (left hand)
 s - an uncursed ring of resist corrosion
 B - a ring of magical power (right hand)
Wands
 p - a wand of confusion (42/48)
 C - a wand of enslavement (10/24)
Scrolls
 n - 7 scrolls of teleportation
 r - 2 scrolls of remove curse
 A - 2 scrolls of fog
Potions
 t - 2 potions of resistance
 v - a potion of might
 w - 2 potions of haste
 z - 2 potions of cancellation
Books
 c - a book of Minor Magic

   Spells                             Type                      Level
   a - Magic Dart                     Conjuration                  1
   b - Blink                          Translocation                2
   c - Call Imp                       Summoning                    2
   d - Slow                           Hexes                        2
   e - Conjure Flame                  Conjuration/Fire             3
   f - Mephitic Cloud                 Conjuration/Poison/Air       3
 x - a book of Conjurations

   Spells                             Type                      Level
   a - Magic Dart                     Conjuration                  1
   b - Searing Ray                    Conjuration                  2
   c - Dazzling Spray                 Conjuration/Hexes            3
   d - Fulminant Prism                Conjuration/Hexes            4
   e - Force Lance                    Conjuration/Translocation    4
   f - Iskenderun's Mystic Blast      Conjuration                  4
Comestibles
 d - 4 royal jellies
 f - 4 bread rations
 g - 7 fruits


   Skills:
 - Level 2.0 Fighting
 * Level 1.8(5.2) Short Blades
 - Level 7.7(7.8) Long Blades
 - Level 6.6 Slings
 + Level 4.0 Armour
 - Level 2.0 Dodging
 - Level 1.0 Stealth
 * Level 8.0 Spellcasting
 * Level 8.4 Conjurations
 + Level 1.0 Invocations


You had 15 spell levels left.
You knew the following spells:

 Your Spells              Type           Power        Failure   Level  Hunger
a - Magic Dart            Conj           ####         1%          1    None
b - Blink                 Tloc           N/A          22%         2    None
c - Iskenderun's Mystic   Conj           ####....     4%          4    ####...
d - Force Lance           Conj/Tloc      ###.....     26%         4    ####...


Dungeon Overview and Level Annotations

Branches:
Dungeon (10/15)            Temple (0/1) D:7
   Lair: D:8-11         Orc: D:9-12

Altars:
Ashenzari
Dithmenos
Fedhas
Ru
Trog
Zin

Shops:
D:7 :   D:8 }


Innate Abilities, Weirdness & Mutations

Your mind is acute. (Int +2)
You are somewhat resistant to further mutation.
Your muscles are strong. (Str +2)


Message History

The troll bites you. The troll claws you but does no damage.
The troll misses you.
You hit the troll. You burn the troll.
The troll is heavily wounded.
The troll bites you! The troll barely misses you. The troll claws you.
* * * LOW HITPOINT WARNING * * *
You slash the troll! You burn the troll.
The troll is almost dead.
The troll bites you.
* * * LOW HITPOINT WARNING * * *
The troll claws you.
* * * LOW HITPOINT WARNING * * *
The troll claws you but does no damage.
You barely miss the troll.
The troll is almost dead.
The troll bites you.
* * * LOW HITPOINT WARNING * * *
The troll claws you!
You die...
Fedhas appreciates your contribution to the ecosystem.

######## #.@T...##########
#.####..........# #.#
##########.## ###############.#
#......?...# ....[.#.(....##.#
#.#######..# #####.#.####.##.#
#># #..# ##.#.# #.##.#
#T#######..## ####....####.##.#
#.......<..).
.....#.......>#.#####..#####.....


You could see a troll.

Vanquished Creatures
  A troll (D:10)
  Grinder (D:6)
  A hornet (D:9)
  A hungry ghost (D:9)
  A warg (D:10)
  Purgy (D:4)
  5 orc warriors
  An ice beast (D:10)
  2 sky beasts
  A necrophage (D:7)
  A black bear (D:10)
  3 ogres
  3 centaurs
  A crocodile (D:9)
  3 big kobolds
  7 bullfrogs
  A wyvern zombie (Ossuary)
  2 water moccasin zombies (Ossuary)
  A scorpion (D:10)
  4 killer bees (D:8)
  A wight (D:6)
  4 howler monkeys
  A crimson imp (D:8)
  2 centaur zombies (Ossuary)
  A quasit (D:10)
  2 bullfrog zombies (Ossuary)
  2 hounds
  2 jellies
  8 orc priests
  A centaur skeleton (D:9)
  2 gnoll shamans
  A bullfrog skeleton (D:5)
  5 orc wizards
  3 iguanas
  12 mummies (Ossuary)
  4 worker ants
  A killer bee zombie (D:10)
  8 hound zombies (Ossuary)
  4 worker ant zombies (Ossuary)
  5 adders
  13 gnolls
  A shadow imp (D:8)
  2 adder zombies (Ossuary)
  An adder skeleton (D:6)
  2 worms (D:2)
  4 dart slugs
  7 leopard geckos
  26 orcs
  6 giant cockroaches
  9 goblins
  16 hobgoblins
  3 jackals (D:3)
  A quokka (D:7)
  A ball python (D:1)
  11 bats
  2 jackal zombies (Ossuary)
  18 kobolds
  A leopard gecko zombie (Ossuary)
  2 quokka zombies (Ossuary)
  11 rats
247 creatures vanquished.

Vanquished Creatures (collateral kills)
  A wyvern (D:9)
  3 yaks (D:10)
  A sky beast (D:8)
  2 ogres (D:7)
  2 centaurs (D:7)
  A big kobold (D:7)
  A bullfrog (D:7)
  A wyvern zombie (D:7)
  2 howler monkeys (D:7)
  A gnoll shaman (D:7)
  A jelly (D:7)
  2 worker ants (D:7)
  A worker ant zombie (D:7)
  3 gnolls (D:7)
  A shadow imp (D:9)
  A giant cockroach (D:7)
  2 hobgoblins (D:7)
  6 kobolds (D:7)
  A leopard gecko skeleton (D:7)
33 creatures vanquished.

Vanquished Creatures (others)
  2 wandering mushrooms (D:10)
  6 plants (D:7)
  150 toadstools
158 creatures vanquished.

Grand Total: 438 creatures vanquished

Notes
Turn   | Place    | Note
-------+----------+-------------------------------------------
     0 | D:1      | polean the Human Hunter began the quest for the Orb.
     0 | D:1      | Reached XP level 1. HP: 16/16 MP: 1/1
   112 | D:1      | Reached XP level 2. HP: 22/22 MP: 2/2
   570 | D:1      | Reached XP level 3. HP: 27/27 MP: 3/3
   747 | D:1      | Reached skill level 5 in Slings
   978 | D:2      | Gained mutation: You are somewhat resistant to further mutation. [potion of mutation]
   978 | D:2      | Gained mutation: Your mind is acute. (Int +2) [potion of mutation]
  1006 | D:2      | Reached XP level 4. HP: 33/33 MP: 4/4
  1430 | D:2      | Found a blossoming altar of Fedhas.
  1459 | D:2      | Became a worshipper of Fedhas Madash
  1776 | D:3      | Reached skill level 1 in Armour
  1784 | D:3      | Reached XP level 5. HP: 31/38 MP: 5/5
  2387 | D:3      | Found a glowing silver altar of Zin.
  3183 | D:4      | Got a twisted long sword
  3191 | D:4      | Learned a level 1 spell: Magic Dart
  3194 | D:4      | Learned a level 2 spell: Blink
  3275 | D:4      | Noticed Purgy
  3285 | D:4      | Killed Purgy
  3285 | D:4      | Reached skill level 1 in Spellcasting
  3285 | D:4      | Reached XP level 6. HP: 38/44 MP: 5/7
  3451 | D:4      | Identified the +8 long sword "Koteer" {flame, *Drain rPois rF+ Int+2} (You found it on level 4 of the Dungeon)
  3542 | D:4      | Reached skill level 1 in Conjurations
  3752 | D:4      | Found a sacrificial altar of Ru.
  3763 | D:4      | Reached * piety under Fedhas
  3773 | D:4      | Reached skill level 1 in Long Blades
  3939 | D:4      | Noticed an ogre
  3945 | D:4      | Killed an ogre
  3945 | D:4      | Reached XP level 7. HP: 8/50 MP: 6/9
  3957 | D:4      | HP: 1/50 [iguana (10)]
  4324 | D:4      | Found a shattered altar of Ashenzari.
  4466 | D:5      | Entered Level 5 of the Dungeon
  4536 | D:5      | Found a bloodstained altar of Trog.
  5563 | D:6      | Found a sand-covered staircase.
  5569 | Ossuary  | Entered an ossuary
  5578 | Ossuary  | Reached XP level 8. HP: 48/56 MP: 6/11
  5860 | Ossuary  | Reached skill level 5 in Long Blades
  6450 | Ossuary  | Got a smoking copper ring
  6753 | D:6      | Identified the ring of Heghinaco {rElec rC+ Str-5 Int+7 Slay+1} (You found it in an ossuary)
  6854 | D:6      | Noticed Grinder
  6862 | D:6      | Killed Grinder
  6862 | D:6      | Reached XP level 9. HP: 58/61 MP: 14/14
  8451 | D:7      | Reached skill level 5 in Spellcasting
  8584 | D:7      | Reached ** piety under Fedhas
  8638 | D:7      | Reached skill level 5 in Conjurations
  8741 | D:7      | Reached XP level 10. HP: 48/67 MP: 14/18
  9064 | D:7      | Found Dealun's Book Emporium.
  9068 | D:7      | Bought a book of Conjurations for 450 gold pieces
  9229 | D:7      | Found a staircase to the Ecumenical Temple.
  9712 | D:8      | Reached skill level 1 in Invocations
  9719 | D:8      | Gained mutation: Your muscles are strong. (Str +2) [mutagenic meat]
 10091 | D:8      | Reached *** piety under Fedhas
 10240 | D:8      | Found Yxzel's Gadget Shoppe.
 10778 | D:9      | Learned a level 4 spell: Iskenderun's Mystic Blast
 10783 | D:9      | Learned a level 4 spell: Force Lance
 11349 | D:9      | Found a shadowy altar of Dithmenos.
 11509 | D:10     | Entered Level 10 of the Dungeon
 11583 | D:10     | Reached skill level 1 in Short Blades
 11835 | D:10     | Reached XP level 11. HP: 72/72 MP: 22/22
 12399 | D:10     | Mangled by a troll

Vault maps used:
D:1:      eino_arrival_cavern_a
D:2:      first_bread, fedhas_altar_fruit_tree
D:3:      zin_statuary
D:4:      lemuel_crystal_altar, minivault_5,
          nicolae_ru_great_annihilating_truth, uniq_purgy
D:5:      nicolae_overflow_crystal_walls
D:6:      enter_ossuary_1, minmay_checkerbox, uniq_grinder
D:7:      kennysheep_housing_project, minmay_temple_entry_nine_rooms,
          serial_shops, shop
D:8:      serial_shops, shop
D:9:      lemuel_crystal_altar
D:10:     david_orc_1_choice, grunt_livestock
Ossuary:  ossuary_zaba_flooded

Skill      XL: |  1  2  3  4  5  6  7  8  9 10 11 |
---------------+----------------------------------+-----
Slings         | 5 6 |  6.6
Armour         | 1 2 3 4 |  4.0
Spellcasting   | 1 2 3 5 7 8 |  8.0
Conjurations   | 1 2 3 5 7 8 |  8.4
Long Blades    | 1 3 6 7 |  7.7
Invocations    | 1 |  1.0
Short Blades   | 1 |  1.8
Fighting       | |  2.0
Dodging        | |  2.0
Stealth        | |  1.0

Action                   |  1- 3 |  4- 6 |  7- 9 | 10-12 || total
-------------------------+-------+-------+-------+-------++-------
Melee: Short sword       |       |     5 |       |       ||     5
       Long sword        |       |    14 |   176 |    77 ||   267
 Fire: Hunting sling     |    80 |    95 |       |       ||   175
Throw: Stone             |       |   111 |     6 |     1 ||   118
 Cast: Magic Dart        |       |    14 |   254 |   119 ||   387
       Iskenderun's Myst |       |       |       |    40 ||    40
Invok: Fungal Bloom      |       |    14 |    13 |    23 ||    50
       Evolution         |       |       |     6 |     1 ||     7
  Use: Scroll            |     3 |     6 |     5 |     8 ||    22
       Potion            |     3 |     3 |    11 |     1 ||    18
 Stab: Paralysed         |       |     2 |       |       ||     2
       Distracted        |       |       |     1 |       ||     1
  Eat: Bread ration      |       |     2 |     2 |     2 ||     6
       Chunk             |       |     1 |       |     7 ||     8
       Royal jelly       |       |     1 |       |       ||     1
       Meat ration       |       |       |     1 |     2 ||     3
Armor: Leather armour    |     8 |     1 |    12 |    24 ||    45
       Ring mail         |       |    45 |    20 |       ||    65
Dodge: Dodged            |    25 |    80 |    81 |    40 ||   226
       Rpst.: Long sword |       |     2 |    26 |    16 ||    44
